 Dungeon Crawl Stone Soup version 0.26.1-2-gb8aa6d0cf2 (webtiles) character file.

Game seed: 8582782169777423473

196 st0uf the Firebug (level 5, 0/38 HPs)
             Began as a Draconian Fire Elementalist on Mar 19, 2021.
             Slain by an orc
             ... wielding a +0 flail
              (2 damage)
             ... on level 3 of the Dungeon.
             The game lasted 00:14:35 (3652 turns).

st0uf the Firebug (Draconian Fire Elementalist)     Turns: 3652, Time: 00:14:36

Health: 0/38       AC:  6    Str: 10    XL:     5   Next: 45%
Magic:  8/9        EV: 13    Int: 16    God:
Gold:   119        SH:  0    Dex: 12    Spells: 1/9 levels left

rFire    . . .     SeeInvis .   q - +1 spear (freeze)
rCold    + . .     Faith    .   (no shield)
rNeg     . . .     Spirit   .   (armour unavailable)
rPois    .         Reflect  .   (helmet restricted)
rElec    .         Harm     .   (no cloak)
rCorr    .         Rampage  .   s - +0 pair of gloves
Will     .....                  (no boots)
Stlth    ++........             (no amulet)
HPRegen  0.12/turn              l - ring of protection from cold
MPRegen  0.11/turn              (no ring)

@: no status effects
A: unfitting armour, cold-blooded, AC +5
a: no special abilities


You were on level 3 of the Dungeon.
You visited 1 branch of the dungeon, and saw 3 of its levels.

You collected 119 gold pieces.

Inventory:

Hand Weapons
 q - a +1 spear of freezing (weapon)
Armour
 s - a +0 pair of gloves (worn)
Jewellery
 f - an uncursed ring of stealth {unknown}
 l - a ring of protection from cold (left hand)
Wands
 e - a wand of flame (20)
Scrolls
 a - a scroll of magic mapping {unknown}
 b - 2 scrolls of fear {unknown}
 c - 4 scrolls of identify {unknown}
 h - 3 scrolls of enchant armour {unknown}
 i - a scroll of teleportation {unknown}
 j - a scroll of remove curse {unknown}
 m - a scroll of amnesia {unknown}
 n - 2 scrolls of immolation {unknown}
 p - a scroll of random uselessness {unknown}
 r - a scroll of enchant weapon {unknown}
Potions
 d - a potion of mutation {unknown}
 g - 2 potions of attraction {unknown}
 k - a potion of lignification {unknown}
 o - a potion of haste {unknown}


   Skills:
 - Level 0.2 Polearms
 + Level 3.1 Dodging
 - Level 1.7 Stealth
 * Level 2.9 Spellcasting
 * Level 2.2 Conjurations
 * Level 4.3 Fire Magic


You had one spell level left.
You knew the following spells:

 Your Spells              Type           Power        Failure   Level
a - Foxfire               Conj/Fire      48%          4%          1
b - Sticky Flame          Conj/Fire      12%          43%         4
c - Conjure Flame         Conj/Fire      12%          14%         3

Your spell library contained the following spells:

 Spells                   Type           Power        Failure   Level
 Corona                   Hex            2%           19%         1
 Inner Flame              Hex/Fire       9%           24%         3
 Ensorcelled Hibernation  Hex/Ice        4%           28%         2
 Dazzling Flash           Conj/Hex       10%          34%         3
 Confusing Touch          Hex            2%           50%         3
 Tukima's Dance           Hex            2%           50%         3
 Fireball                 Conj/Fire      6%           80%         5


Dungeon Overview and Level Annotations

Branches:
Dungeon (3/15)

Altars:
Dithmenos


Innate Abilities, Weirdness & Mutations

Your plain brown scales are hard. (AC +5)
You cannot fit into any form of body armour.
You are cold-blooded and may be slowed by cold attacks.


Message History

You tail-slap the orc, but do no damage.
You hear some strange, mumbled words.
A magic dart appears from out of thin air!
The magic dart hits you. The orc hits you with a +0 flail.
* * * LOW HITPOINT WARNING * * *
You hit the orc but do no damage.
You tail-slap the orc, but do no damage.
Something hits you but does no damage.
You hit the orc but do no damage. The orc hits you but does no damage.
Something hits you but does no damage. Something hits you.
* * * LOW HITPOINT WARNING * * *
You miss something. The orc barely misses you.
Something hits you but does no damage.
You hit something. You freeze something. The orc completely misses you.
Something completely misses you.
You hit something but do no damage. The orc hits you with a +0 flail!
* * * LOW HITPOINT WARNING * * *
Something hits you but does no damage.
You miss something. You tail-slap something. The orc hits you with a +0 flail.
You die...

######### ########.
#.......# #.o.....#
##.#####.# #@#
#........###{#####.#
#...#............{.#
#...#)...###.#####.#
#........# #.#
#........# #.#
#.#.##..## #.# ##
... #.......# #.# #.
#.. ##.###### #..
#.# #. #.#


You could see an orc.

Vanquished Creatures
  A scorpion (D:3)
  An orc wizard (D:3)
  4 adders
  5 worms
  A dart slug (D:1)
  2 leopard geckos
  5 orcs (D:3)
  A ball python (D:1)
  2 giant cockroaches
  6 hobgoblins
  A quokka (D:2)
  9 bats
  7 frilled lizards
  9 goblins
  6 kobolds
  3 rats
63 creatures vanquished.

Vanquished Creatures (others)
  16 foxfires
16 creatures vanquished.

Grand Total: 79 creatures vanquished

Notes
Turn   | Place    | Note
-------+----------+-------------------------------------------
     0 | D:1      | st0uf the Draconian Fire Elementalist began the quest for
                  | the Orb.
     0 | D:1      | Reached XP level 1. HP: 14/14 MP: 3/3
   760 | D:1      | Reached XP level 2. HP: 15/20 MP: 3/5
  1531 | D:2      | Reached XP level 3. HP: 17/26 MP: 6/6
  1777 | D:2      | Reached skill level 4 in Fire Magic
  2117 | D:2      | Reached XP level 4. HP: 33/33 MP: 7/7
  2122 | D:2      | Learned a level 4 spell: Sticky Flame
  2908 | D:3      | Found a shadowy altar of Dithmenos.
  3261 | D:3      | Learned a level 3 spell: Conjure Flame
  3310 | D:3      | Reached XP level 5. HP: 9/38 MP: 9/9
  3652 | D:3      | Slain by an orc

Illustrated notes

Levels and vault maps discovered:
D:1:      dpeg_arrival_leaves_temple_mockup, layout_basic
D:2:      layout_basic
D:3:      layout_loops_cross, nicolae_dithmenos_shadow_blocks

Skill      XL: |  1  2  3  4  5 |
---------------+----------------+-----
Dodging        | 2 3 |  3.1
Fire Magic     | 4 |  4.3
Conjurations   | 2 |  2.2
Polearms       | |  0.2
Stealth        | |  1.7
Spellcasting   | |  2.9

Action                   |  1- 3 |  4- 6 || total
-------------------------+-------+-------++-------
Melee: Spear             |   190 |   154 ||   344
       Tailslap          |    14 |    18 ||    32
 Cast: Foxfire           |    11 |     7 ||    18
  Use: Potion            |     1 |     1 ||     2
 Stab: Sleeping          |     4 |     2 ||     6
Armor: Skin              |    45 |    26 ||    71
Dodge: Dodged            |   123 |    54 ||   177
